 Dungeon Crawl Stone Soup version 0.23.2-40-g277498a001 (webtiles) character file.

Game seed: 13138237453741957004

67 Aggronaut the Bolt Thrower (level 4, -1/26 HPs)
             Began as a Kobold Hunter on Sept 30, 2019.
             Slain by a worm (9 damage)
             ... on level 2 of the Dungeon.
             The game lasted 00:04:10 (1191 turns).

Aggronaut the Bolt Thrower (Kobold Hunter)          Turns: 1191, Time: 00:04:11

Health: -1/26      AC:  3    Str: 10    XL:     4   Next: 38%
Magic:  4/4        EV: 14    Int: 12    God:
Gold:   81         SH:  0    Dex: 15    Spells: 3/3 levels left

rFire    . . .     SeeInvis .   b - +0 short sword
rCold    . . .     Gourm    .   (shield restricted)
rNeg     . . .     Faith    .   c - +0 leather armour
rPois    .         Spirit   .   (no helmet)
rElec    .         Reflect  .   (no cloak)
rCorr    .         Harm     .   (no gloves)
MR       .....                  (no boots)
Stlth    ++........             (no amulet)
HPRegen  0.08/turn              (no ring)
MPRegen  0.09/turn              (no ring)

@: no status effects
A: small, carnivore
a: no special abilities


You were on level 2 of the Dungeon.
You were not hungry.

You visited 1 branch of the dungeon, and saw 2 of its levels.

You collected 81 gold pieces.

Inventory:

Hand Weapons
 a - a +1 hand crossbow
 b - a +0 short sword (weapon)
Missiles
 d - 11 bolts
Armour
 c - a +0 leather armour (worn)
Jewellery
 h - an uncursed ring of wizardry {unknown}
Scrolls
 e - a scroll of remove curse
Potions
 g - 2 potions of heal wounds
 i - a potion of curing {unknown}
 j - 2 potions of haste
 k - a potion of brilliance {unknown}
 n - a potion of ambrosia {unknown}
Comestibles
 f - 2 rations


   Skills:
 - Level 2.1 Fighting
 * Level 6.2 Crossbows
 - Level 2.4 Dodging
 + Level 3.3 Stealth


You had 3 spell levels left.
You didn't know any spells.
Your spell library was empty.

Dungeon Overview and Level Annotations

Branches:
Dungeon (2/15)

Altars:
Elyvilon
Yredelemnul


Innate Abilities, Weirdness & Mutations

You are small and have problems with some larger weapons.
You are carnivorous and can eat meat at any time.


Message History

You hit the worm.
The worm is heavily wounded.
The worm closely misses you.
You hit the worm.
The worm is severely wounded.
The worm closely misses you.
You hit the worm but do no damage.
The worm is heavily wounded.
You hit the worm.
The worm is almost dead.
The worm bites you!
You hit the worm.
The worm is almost dead.
The worm bites you.
You hit the worm.
The worm is almost dead.
You hit the worm but do no damage.
The worm is almost dead.
The worm bites you!
You die...

*,*,,* *,,,,,,,*#.#####.....#
*,,,,*******,*,*****#.#####.....#
***,,,,,,,,,,,,* #.....#.....#
,,,,,,,,,,,,,*,* #.....#.....#
****,****,**,*,* #.#####.....#
,,,,,,,,,,**,,,######.# ###.###
****,**,,,,,,,,#......# #.# *
*,,,,,***,,,#.####<# #_#
************,,,#@# #.# ###
,,,,,,,,,,,*,,,#w# #.#
,,,*,,,**,,*,*,(.# #.#
,,,*,,,***,*,,(..# #.#
,,,**,,***,**##..# #.#***
,,***,,,,,,* #..#* *##*,* ,,*
**,,,,,* ##..* *,* ,,*
***,,,****#..******,* ,**
****,*,,,,,,,,,,,,,*


You could see a worm.

Vanquished Creatures
  A gnoll (D:1)
  2 adders (D:2)
  A worm (D:2)
  A leopard gecko (D:1)
  A giant cockroach (D:1)
  2 gnoll zombies (D:2)
  5 goblins (D:1)
  6 hobgoblins
  4 bats
  9 frilled lizards
  3 kobolds (D:1)
  2 rats (D:1)
37 creatures vanquished.

Notes
Turn   | Place    | Note
-------+----------+-------------------------------------------
     0 | D:1      | Aggronaut the Kobold Hunter began the quest for the Orb.
     0 | D:1      | Reached XP level 1. HP: 12/12 MP: 1/1
    41 | D:1      | Reached skill level 5 in Crossbows
    66 | D:1      | Reached XP level 2. HP: 17/17 MP: 2/2
   431 | D:1      | Reached XP level 3. HP: 14/21 MP: 3/3
  1006 | D:2      | Found a white marble altar of Elyvilon.
  1042 | D:2      | Reached XP level 4. HP: 22/26 MP: 4/4
  1062 | D:2      | Reached skill level 6 in Crossbows
  1121 | D:2      | Found a basalt altar of Yredelemnul.
  1191 | D:2      | Slain by a worm

Skill      XL: |  1  2  3  4 |
---------------+-------------+-----
Crossbows      | 5 6 |  6.2
Stealth        | 2 3 |  3.3
Fighting       | |  2.1
Dodging        | |  2.4

Action                   |  1- 3 |  4- 6 || total
-------------------------+-------+-------++-------
Melee: Short sword       |    26 |    32 ||    58
 Fire: Hand crossbow     |    38 |    12 ||    50
  Use: Scroll            |       |     5 ||     5
       Potion            |       |     1 ||     1
  Eat: Chunk             |     4 |       ||     4
Armor: Leather armour    |     9 |     2 ||    11
Dodge: Dodged            |    39 |    24 ||    63
